 Dungeon Crawl Stone Soup version 0.18-a0-1805-g8ab820f (webtiles) character file.

403 Mefis the Magician (level 6, -4/32 HPs)
             Began as a Deep Elf Wizard on Apr 26, 2016.
             Slain by manas's ghost (14 damage)
             ... on level 3 of the Dungeon.
             The game lasted 00:16:50 (5368 turns).

Mefis the Magician (Deep Elf Wizard)                Turns: 5368, Time: 00:16:51

Health: -4/32      AC:  2    Str:  4    XL:     6   Next: 55%
Magic:  6/17       EV: 13    Int: 25    God:
Gold:   178        SH:  0    Dex: 13    Spells: 7 memorised, 2 levels left

rFire  . . .     SeeInvis .     (no weapon)
rCold  . . .     Gourm    .     q - +0 robe (curse)
rNeg   . . .     Faith    .     (no shield)
rPois  .         Spirit   .     b - +0 hat
rElec  .         Dismiss  .     (no cloak)
rCorr  .         Reflect  .     (no gloves)
SustAt .         Harm     .     (no boots)
MR     .....                    (no amulet)
Stlth  +++.......               (no ring)
                                (no ring)

@: repel missiles, not resistant to hostile enchantments, fairly stealthy
A: no striking features
a: no special abilities


You were on level 3 of the Dungeon.
You were not hungry.

You visited 1 branch of the dungeon, and saw 4 of its levels.

You collected 178 gold pieces.

Inventory:

Hand Weapons
 s - a +0 hunting sling
Missiles
 t - 125 stones (quivered)
 y - 29 sling bullets
Armour
 a - a +0 robe
 b - a +0 hat (worn)
 q - a cursed +0 robe (worn)
Wands
 v - a wand of iceblast (8/15)
Scrolls
 f - 3 scrolls of blinking {unknown}
 k - a scroll of enchant armour {unknown}
 o - 2 scrolls of recharging {unknown}
 p - 2 scrolls of identify {unknown}
 w - a scroll of fear {unknown}
 x - a scroll of noise {unknown}
 z - a scroll of teleportation {unknown}
Potions
 e - a potion of brilliance {unknown}
 g - 2 potions of curing {unknown}
 j - a potion of haste {unknown}
 l - a potion of flight {unknown}
 m - 3 potions of degeneration {unknown}
 n - a potion of heal wounds {unknown}
Books
 c - a book of Minor Magic

   Spells                             Type                      Level
   a - Magic Dart                     Conjuration                  1
   b - Blink                          Translocation                2
   c - Call Imp                       Summoning                    2
   d - Repel Missiles                 Charms/Air                   2
   e - Slow                           Hexes                        2
   f - Conjure Flame                  Conjuration/Fire             3
   g - Mephitic Cloud                 Conjuration/Poison/Air       3
Comestibles
 d - a bread ration
 h - 3 meat rations
 i - a slice of pizza
 r - 3 fruits
 u - a beef jerky


   Skills:
 - Level 0.2 Fighting
 + Level 3.3 Dodging
 + Level 4.0 Stealth
 + Level 6.3 Spellcasting
 + Level 3.5 Conjurations
 + Level 1.9 Charms
 + Level 2.6 Summonings
 + Level 2.4 Translocations


You had 2 spell levels left.
You knew the following spells:

 Your Spells              Type           Power        Failure   Level  Hunger
a - Magic Dart            Conj           ####         1%          1    None
b - Call Imp              Summ           ###.....     4%          2    None
c - Blink                 Tloc           N/A          4%          2    None
d - Repel Missiles        Chrm/Air       ##....       10%         2    None
e - Mephitic Cloud        Conj/Pois/Air  ##......     14%         3    None
f - Conjure Flame         Conj/Fire      ###.....     12%         3    None
g - Slow                  Hex            #.......     12%         2    None


Dungeon Overview and Level Annotations

Branches:
Dungeon (4/15)
 Temple: D:4-7

Altars:

Annotations:
D:3 manas's ghost, amateur GrFi
D:4 Pikel


Message History

Orders for allies: a - Attack new target. p - Attack previous target. r - Retreat! s - Stop attacking. w - Wait here. f - Follow me.
Anything else - Stay silent.
Gang up on whom?
Press: ? - help, Dir - move target cursor, f/p - manas's ghost
Aim: manas's ghost (severely damaged) Attack!
Manas's ghost shouts, "What do you have that I didn't have?"
Your white imp barely misses manas's ghost.
Casting: Call Imp
Confirm with . or Enter, or press ? or * to list all spells.
A beastly little devil appears in a puff of frigid air.
Your white imp hits manas's ghost.
Your white imp freezes manas's ghost.
Your white imp disappears in a puff of smoke!
Casting: Call Imp
Confirm with . or Enter, or press ? or * to list all spells.
A beastly little devil appears in a puff of flame.
Manas's ghost hits you!
You die...

### #..###..## #.#
##..†..>..## #.# ####
#..##..##..###.# ...#
#.###...##...5.## ...#
##.##..#.######5.## ...#
#.....##.# #...#
...###..#####.# #.5.#
...##...# #.#######W.#
...#..### #.5.@W55#..#
......# #######....#
...#..# ####.#
...#..################.#
####<................#.#
#################...#
##..# ####


You could see manas's ghost, 2 friendly crimson imps and a friendly white imp.

Vanquished Creatures
  A killer bee (D:4)
  An iguana (D:4)
  4 worker ants (D:4)
  A hound skeleton (D:4)
  6 adders
  An ooze (D:1)
  2 worms (D:3)
  3 dart slugs
  4 giant geckos
  2 orcs (D:3)
  5 bats (D:1)
  4 giant cockroaches
  10 goblins
  6 hobgoblins
  6 jackals
  4 quokkas
  6 giant newts
  6 kobolds
  11 rats
83 creatures vanquished.

Vanquished Creatures (collateral kills)
  A hound (D:3)
  An iguana (D:4)
  A worker ant (D:4)
  A hound skeleton (D:4)
  2 adders
  A worm (D:4)
  A giant newt (D:3)
8 creatures vanquished.

Grand Total: 91 creatures vanquished

Notes
Turn   | Place    | Note
--------------------------------------------------------------
     0 | D:1      | Mefis the Deep Elf Wizard began the quest for the Orb.
     0 | D:1      | Reached XP level 1. HP: 10/10 MP: 7/7
   243 | D:1      | Reached XP level 2. HP: 15/15 MP: 5/9
   246 | D:1      | Reached skill level 5 in Spellcasting
   336 | D:1      | Learned a level 2 spell: Call Imp
   339 | D:1      | Learned a level 2 spell: Blink
   342 | D:1      | Learned a level 2 spell: Repel Missiles
   716 | D:1      | Reached XP level 3. HP: 19/19 MP: 8/11
  1733 | D:2      | Reached XP level 4. HP: 24/24 MP: 8/13
  2453 | D:3      | Reached skill level 6 in Spellcasting
  2456 | D:3      | Reached XP level 5. HP: 28/28 MP: 8/15
  2461 | D:3      | Reached skill level 1 in Charms
  2890 | D:3      | Noticed manas's ghost (amateur GrFi)
  3895 | D:4      | Reached XP level 6. HP: 25/32 MP: 6/17
  3900 | D:4      | Learned a level 3 spell: Mephitic Cloud
  3904 | D:4      | Learned a level 3 spell: Conjure Flame
  3907 | D:4      | Learned a level 2 spell: Slow
  4075 | D:4      | HP: 1/32 [worm (10)]
  4797 | D:4      | Noticed Pikel
  4799 | D:4      | Noticed a slave
  4803 | D:4      | Noticed a slave
  4807 | D:4      | Noticed a slave
  5368 | D:3      | Slain by manas's ghost

Vault maps used:
D:1:      minmay_arrival_plants_in_alcoves, minmay_tree_intersection,
          minmay_liquid_box, nrook_loot_triangle, corexii_hall_statues_l
D:2:      kennysheep_big_flooded_room
D:3:      minitemple, first_bread
D:4:      uniq_pikel

Skill      XL: |  1  2  3  4  5  6 |
---------------+-------------------+-----
Spellcasting   | 5 6 |  6.3
Stealth        | 3 4 |  4.0
Conjurations   | 2 3 |  3.5
Charms         | 1 |  1.9
Dodging        | 3 |  3.3
Summonings     | 2 |  2.6
Translocations | 2 |  2.4
Fighting       | |  0.2

Action                   |  1- 3 |  4- 6 || total
-------------------------+-------+-------++-------
Melee: Unarmed           |       |     1 ||     1
 Cast: Magic Dart        |   100 |   150 ||   250
       Repel Missiles    |     1 |       ||     1
       Call Imp          |       |    38 ||    38
       Conjure Flame     |       |     2 ||     2
       Blink             |       |     1 ||     1
  Eat: Chunk             |     2 |     5 ||     7
       Bread ration      |       |     2 ||     2
Armor: Robe              |     2 |    23 ||    25
Dodge: Dodged            |    11 |    58 ||    69
       Deflected         |       |     1 ||     1
